 Dungeon Crawl Stone Soup version 0.26.1-11-gd32895ea62 (webtiles) character file.

Game seed: 10248502580438439538

30 Descartes the Sneak (level 3, -1/15 HPs)
             Began as a Felid Transmuter on July 3, 2021.
             Slain by a centaur (6 damage)
             ... on level 2 of the Dungeon.
             The game lasted 00:05:10 (3001 turns).

Descartes the Sneak (Felid Transmuter)              Turns: 3001, Time: 00:05:11

Health: -1/15      AC:  1    Str:  7    XL:     3   Next: 5%
Magic:  6/7        EV: 18    Int: 14    God:
Gold:   37         SH:  0    Dex: 16    Spells: 5/6 levels left
                                        Lives:  0   Deaths: 1

rFire    . . .     SeeInvis +     - Unarmed
rCold    + . .     Faith    .   (shield unavailable)
rNeg     . . .     Spirit   .   (armour unavailable)
rPois    .         Reflect  .   (helmet unavailable)
rElec    .         Harm     .   (cloak unavailable)
rCorr    .         Rampage  .   (gloves unavailable)
Will     .....                  (boots unavailable)
Stlth    +++.......             (no amulet)
HPRegen  0.05/turn              (no ring)
MPRegen  0.10/turn              k - ring of protection from cold (curse)

@: appendages, quick
A: very small, no armour, no weapons or thrown items, stealth, claws 1, fangs 3,
horns 2, see invisible, speed 1, shaggy fur 1, sharp paws
a: End Transformation


You were on level 2 of the Dungeon.
You had grown temporary horns.
You visited 1 branch of the dungeon, and saw 2 of its levels.

You collected 37 gold pieces.

Inventory:

Missiles
 e - 92 stones
Jewellery
 k - a cursed ring of protection from cold (right paw)
 m - an uncursed ring of ice
 n - an uncursed ring of ice
Scrolls
 a - 2 scrolls of fog {unknown}
 b - 3 scrolls of identify {unknown}
 c - 2 scrolls of blinking {unknown}
 d - a scroll of enchant armour {unknown}
 g - a scroll of magic mapping {unknown}
 j - a scroll of teleportation {unknown}
Potions
 f - a potion of curing {unknown}
 h - a potion of might {unknown}
 i - a potion of brilliance {unknown}
 l - 3 potions of flight {unknown}
 o - a potion of haste {unknown}


   Skills:
 - Level 1.0 Fighting
 - Level 2.7 Dodging
 + Level 5.3 Stealth
 - Level 3.0 Unarmed Combat
 - Level 2.0 Spellcasting
 - Level 2.2 Transmutations


You had 5 spell levels left.
You knew the following spells:

 Your Spells              Type           Power        Failure   Level
a - Beastly Appendage     Tmut           14%          10%         1

Your spell library contained the following spells:

 Spells                   Type           Power        Failure   Level
 Wereblood                Tmut           7%           14%         2
 Spider Form              Tmut/Pois      2%           41%         3
 Ice Form                 Ice/Tmut       4%           83%         4
 Blade Hands              Tmut           3%           95%         5


Dungeon Overview and Level Annotations

Branches:
Dungeon (2/15)

Altars:
The Shining One


Innate Abilities, Weirdness & Mutations

You cannot wear armour.
You are incapable of wielding weapons or throwing items.
Your paws allow you to move quietly. (Stealth)
You have sharp claws.
You have razor-sharp teeth.
You have supernaturally acute eyesight. (SInv)
You cover ground quickly.
You are covered in fur. (AC +1)
Your sharp claws are effective at attacking unaware monsters.
You have a pair of horns on your head.


Message History

Confirm with . or Enter, or press ? or * to list all spells.
You miscast Beastly Appendage.
You are very lightly contaminated with residual magic.
Nothing appears to happen.
A centaur is nearby!
Casting: Beastly Appendage (safe; 10% risk of failure)
Confirm with . or Enter, or press ? or * to list all spells.
You grow a pair of large bovine horns.
The centaur wields a +0 shortbow.
The centaur shoots an arrow.
The arrow barely misses you.
You scratch the centaur but do no damage.
The centaur unwields a +0 shortbow.
The centaur completely misses you.
Your magical contamination has completely faded away.
You barely miss the centaur. The centaur hits you! The centaur hits you.
You are too injured to fight recklessly!
You barely miss the centaur. Your headbutt misses the centaur.
The centaur misses you.
You scratch the centaur. You headbutt the centaur.
The centaur is moderately wounded.
The centaur hits you.
You die...

# #.###..[.......# #
#..............## #
#####...........#
########........#.#########
........#.......#.........#
........##.###..##>.......#
............##....#.......#
.....)..#......##.........#
...............c@.........#
........###.##......[.....#
#......####.##.####.......#
#.##.#...##..#...##..(....#
.)#.##.#.#.....#....#######
#..#.....#.....####.##
.#[##..........# #..#
.##....###.....#####.######
...##..# #................#


You could see a centaur.

Vanquished Creatures
  2 adders (D:2)
  3 dart slugs
  A leopard gecko (D:1)
  5 giant cockroaches
  7 goblins
  6 hobgoblins
  4 jackals (D:1)
  A quokka (D:2)
  A ball python (D:2)
  2 bats (D:1)
  4 frilled lizards
  3 kobolds
  6 rats
45 creatures vanquished.

Notes
Turn   | Place    | Note
-------+----------+-------------------------------------------
     0 | D:1      | Descartes the Felid Transmuter began the quest for the Orb.
     0 | D:1      | Reached XP level 1. HP: 9/9 MP: 4/4
    85 | D:1      | Reached skill level 1 in Stealth
   237 | D:1      | Reached skill level 2 in Stealth
   237 | D:1      | Reached XP level 2. HP: 12/12 MP: 3/6
   337 | D:1      | Reached skill level 3 in Stealth
  1556 | D:2      | Reached XP level 3. HP: 15/15 MP: 5/7
  1592 | D:2      | Reached skill level 4 in Stealth
  2145 | D:2      | Reached skill level 5 in Stealth
  2176 | D:2      | Reached XP level 4. HP: 19/19 MP: 8/8
  2274 | D:2      | Found a glowing golden altar of the Shining One.
  2635 | D:2      | Noticed a centaur
  2642 | D:2      | Slain by a worm
  2643 | D:2      | Reached XP level 3. HP: -2/15 MP: 7/7
  3001 | D:2      | Slain by a centaur

Illustrated notes

Levels and vault maps discovered:
D:1:      dpeg_arrival_lava_temple_mockup, layout_loops_ring
D:2:      layout_rooms, nicolae_tso_swordbearing_angel, minmay_tromino_v7

Skill      XL: |  1  2  3 |
---------------+----------+-----
Stealth        | 2 3 5 |  5.3
Fighting       | |  1.0
Dodging        | |  2.7
Unarmed Combat | |  3.0
Spellcasting   | |  2.0
Transmutations | |  2.2

Action                   |  1- 3 |  4- 6 || total
-------------------------+-------+-------++-------
Melee: Unarmed           |   110 |    21 ||   131
       Headbutt          |    15 |     2 ||    17
       Bite              |     6 |       ||     6
       Punch             |       |     1 ||     1
 Cast: Beastly Appendage |    30 |     6 ||    36
 Stab: Sleeping          |    10 |       ||    10
Armor: Skin              |     7 |       ||     7
Dodge: Dodged            |    71 |    14 ||    85
